 Dungeon Crawl Stone Soup version 0.29-a0-892-g2c4c91d9db (webtiles) character file.

Game seed: 17821038655142753546

2060 xian the Thaumaturge (level 9, -2/42 HPs)
             Began as a Spriggan Conjurer on July 23, 2022.
             Slain by a hornet (14 damage)
             ... on level 8 of the Dungeon.
             The game lasted 00:22:58 (8593 turns).

xian the Thaumaturge (Spriggan Conjurer)            Turns: 8593, Time: 00:23:01

Health: -2/42      AC:  3    Str:  1    XL:     9   Next: 5%
Magic:  17/31      EV: 19    Int: 22    God:
Gold:   375        SH:  0    Dex: 15    Spells: 19/25 levels left

rFire   . . .      SeeInvis +   x - +2 short sword (venom)
rCold   . . .      Faith    .   (no shield)
rNeg    . . .      Spirit   .   a - +0 robe
rPois   .          Reflect  .   B - +0 hat
rElec   .          Harm     .   r - +0 cloak
rCorr   .          Rampage  .   (gloves unavailable)
Will    +....                   (boots unavailable)
Stlth   +++.......              (no amulet)
HPRegen 0.14/turn               g - +4 ring of slaying
MPRegen 0.22/turn               n - ring of Reimbursement {MP+9 Str-4 Dex+2 Slay+5}

@: very quick
A: very small, no large weapons, unfitting armour, see invisible, speed 3
a: no special abilities


You were on level 8 of the Dungeon.
You visited 1 branch of the dungeon, and saw 7 of its levels.

You collected 422 gold pieces.
You spent 47 gold pieces at shops.

Inventory:

Hand Weapons
 x - a +2 short sword of venom (weapon)
Missiles
 p - 8 atropa-tipped darts
 y - 2 throwing nets
Armour
 a - a +0 robe (worn)
 r - a +0 cloak (worn)
 B - a +0 hat (worn)
Magical Staves
 d - a staff of air
Jewellery
 e - a ring of poison resistance
 g - a +4 ring of slaying (left hand)
 n - the ring of Reimbursement (right hand) {MP+9 Str-4 Dex+2 Slay+5}
   (You acquired it on level 3 of the Dungeon)

   [ring of magical power]

   Str:       It affects your strength (-4).
   Dex:       It affects your dexterity (+2).
   Slay:      It affects your accuracy & damage with ranged weapons and melee
   (+5).
   MP:        It affects your magic capacity (+9).
 A - an amulet of faith
Wands
 o - a wand of mindburst (26)
Scrolls
 i - a scroll of enchant weapon
 j - 3 scrolls of teleportation
 l - 2 scrolls of brand weapon
 q - 2 scrolls of magic mapping {unknown}
 s - a scroll of amnesia {unknown}
 u - a scroll of vulnerability {unknown}
 w - a scroll of poison {unknown}
Potions
 b - 3 potions of magic
 c - a potion of haste
 f - 3 potions of curing
 h - 2 potions of lignification
 k - 2 potions of might {unknown}
 m - a potion of flight {unknown}
 t - 2 potions of heal wounds {unknown}
 v - 3 potions of degeneration {unknown}
 z - a potion of invisibility {unknown}


   Skills:
 + Level 1.8 Fighting
 + Level 2.0 Short Blades
 + Level 5.8 Dodging
 + Level 5.3 Stealth
 + Level 8.9 Spellcasting
 + Level 6.2 Conjurations
 + Level 0.6 Hexes
 * Level 0.7 Fire Magic
 + Level 1.0 Evocations


You had 19 spell levels left.
You knew the following spells:

 Your Spells              Type           Power      Damage    Failure   Level
a - Magic Dart            Conj           100%       1d8       1%          1
b - Searing Ray           Conj           74%        2d7       1%          2
c - Inner Flame           Hex/Fire       12%        N/A       16%         3

Your spell library contained the following spells:

 Spells                   Type           Power      Damage    Failure   Level
 Static Discharge         Conj/Air       23%        3-6/arc   2%          2
 Dazzling Flash           Conj/Hex       48%        N/A       4%          3
 Fulminant Prism          Conj/Hex       12%        3d9       16%         4
 Iskenderun's Mystic Bla  Conj/Tloc      23%        2d6       19%         4
 Cause Fear               Hex            6%         N/A       45%         4
 Lightning Bolt           Conj/Air       11%        1d24      45%         5
 Discord                  Hex            6%         N/A       100%        8
 Maxwell's Capacitive Co  Air            4%         ∞         100%        8


Dungeon Overview and Level Annotations

Branches:
Dungeon (8/15)
 Temple: D:4-7         Lair: D:8-11

Altars:
Dithmenos
Elyvilon
Yredelemnul

Shops:
D:1 ((*!   D:2 **

Annotations:
D:8 1 transporter


Innate Abilities, Weirdness & Mutations

You are very small and have problems with some larger weapons.
You are too small for most types of armour.
You have supernaturally acute eyesight. (SInv)
You cover ground extremely quickly. (Speed+++)


Message History

Casting: Inner Flame (dangerous; 16% risk of failure)
Confirm with . or Enter, or press ? or * to list all spells.
Aiming: Magic Dart (safe; 1% risk of failure)
Press: ? - help, Shift-Dir - straight line, f/p - orc priest
Aim: an orc priest, wielding a +0 mace (inner flame, 100% to hit)
The magic dart hits the adder!
The adder is almost dead.
The adder bites you. The ball python completely misses you.
The ball python closely misses you.
An orc priest comes into view. It is wielding a +0 hand axe.
The orc priest shouts!
You hear an angry buzzing noise.
A hornet comes into view.
The orc priest mumbles some strange prayers to Beogh against you.
Pain shoots through your body!
The orc priest looks braver for a moment.
The orc priest misses you.
Casting: Magic Dart (safe; 1% risk of failure)
Confirm with . or Enter, or press ? or * to list all spells.
Aiming: Magic Dart (safe; 1% risk of failure)
Press: ? - help, Shift-Dir - straight line, f - ball python, p - orc priest
Aim: a ball python (100% to hit)
The magic dart hits the ball python!
You kill the ball python!
The orc priest hits you with a +0 hand axe.
* * * LOW HITPOINT WARNING * * *
Casting: Magic Dart (safe; 1% risk of failure)
Confirm with . or Enter, or press ? or * to list all spells.
Aiming: Searing Ray (safe; 1% risk of failure)
Press: ? - help, Shift-Dir - straight line, f - orc priest, p - ball python
Aim: an orc priest, wielding a +0 mace (inner flame, 81% to hit)
The searing ray hits the adder!
You kill the adder!
The searing ray hits the hornet!
The hornet is moderately wounded.
The searing ray hits the ball python.
You kill the ball python!
The searing ray misses the orc priest. (Press . to maintain the ray.)
The hornet stings you!
You die...

#..........# #############.
########.### #.............
#########.#####.###########.
#........................ ♣♣
#........................
#.......................≈
#....########+###'####..≈
#....#......o........# ..
#....#.....@y.†oS....#
#....#..#####'#####..#
#....#. .......#..# #....#
...).....#..# #...))....#..#
#.####.....S.# #.
..........# ...#####(.#
..##.©F##...


You could see a hornet, 2 orc priests and a ball python.

Vanquished Creatures
  A spriggan (D:7)
  Eustachio (D:4)
  A water moccasin (D:8)
  A black bear (D:7)
  3 sky beasts
  An ogre (D:7)
  A centaur (D:8)
  A kobold brigand (D:5)
  A gnoll sergeant (D:7)
  2 bullfrogs (D:7)
  3 wights (D:7)
  A howler monkey (D:5)
  A centaur zombie (D:4)
  4 hounds
  3 orc priests
  Crazy Yiuf (D:7)
  Jessica (D:3)
  Ijyb (D:3)
  3 iguanas
  An orc wizard (D:8)
  A howler monkey zombie (D:4)
  5 adders
  9 gnolls
  A white imp (D:8)
  2 worms
  4 dart slugs
  8 orcs
  6 bats
  9 endoplasms
  4 giant cockroaches
  5 goblins
  5 hobgoblins
  12 jackals
  2 quokkas
  7 ball pythons
  6 frilled lizards
  7 kobolds
  6 rats
131 creatures vanquished.

Vanquished Creatures (others)
  A fungus (D:5)
  10 plants (D:8)
11 creatures vanquished.

Grand Total: 142 creatures vanquished

Notes
Turn   | Place    | Note
-------+----------+-------------------------------------------
     0 | D:1      | xian the Spriggan Conjurer began the quest for the Orb.
     0 | D:1      | Reached XP level 1. HP: 9/9 MP: 5/5
    49 | D:1      | Found Quemas's Weapon Emporium.
   119 | D:1      | Found Bilic's Antique Weapon Emporium.
   237 | D:1      | Reached XP level 2. HP: 10/13 MP: 0/6
   241 | D:1      | Learned a level 2 spell: Searing Ray
   743 | D:1      | Found Qahomal's General Store.
   750 | D:1      | Bought a scroll of identify for 20 gold pieces
   875 | D:1      | Found Azubesei's Distillery.
   983 | D:1      | Reached skill level 3 in Spellcasting
  1176 | D:2      | Found Pillaa's General Store.
  1193 | D:2      | Reached XP level 3. HP: 16/16 MP: 4/8
  1593 | D:2      | Found Mieps's Assorted Antiques.
  1601 | D:2      | Bought a coppery potion for 27 gold pieces
  1994 | D:3      | Noticed Ijyb
  2214 | D:3      | Reached XP level 4. HP: 21/21 MP: 4/9
  2267 | D:3      | Paralysed by Ijyb for 4 turns
  2279 | D:3      | Killed Ijyb
  2628 | D:3      | Reached XP level 5. HP: 24/24 MP: 4/11
  2644 | D:3      | Reached skill level 4 in Spellcasting
  2657 | D:3      | Identified a scroll of acquirement
  2658 | D:3      | Acquired the ring of Reimbursement {MP+9 Str-4 Dex+2
                  | Slay+5}
  2660 | D:3      | Lost strength.
  2827 | D:3      | Reached skill level 1 in Short Blades
  3094 | D:3      | Noticed Jessica
  3099 | D:3      | Killed Jessica
  3482 | D:4      | Noticed Eustachio
  3526 | D:4      | Killed Eustachio
  3527 | D:4      | Reached skill level 5 in Spellcasting
  3527 | D:4      | Reached XP level 6. HP: 13/28 MP: 1/15
  4273 | D:4      | Noticed a sky beast
  4281 | D:4      | Killed a sky beast
  4432 | D:4      | Reached skill level 6 in Spellcasting
  4432 | D:4      | Reached XP level 7. HP: 32/32 MP: 8/17
  4721 | D:4      | Found a basalt altar of Yredelemnul.
  4870 | D:5      | Entered Level 5 of the Dungeon
  5042 | D:5      | Found a white marble altar of Elyvilon.
  5731 | D:5      | You fall into a shaft and drop 3 floors!
  5823 | D:8      | Reached skill level 7 in Spellcasting
  6243 | D:7      | Found a shadowy altar of Dithmenos.
  6264 | D:7      | Reached skill level 5 in Conjurations
  6353 | D:7      | Found a runed translucent door.
  6354 | D:7      | Noticed Crazy Yiuf
  6377 | D:7      | Killed Crazy Yiuf
  6378 | D:7      | Reached skill level 1 in Fighting
  6378 | D:7      | Reached XP level 8. HP: 5/37 MP: 14/20
  6831 | D:7      | Reached skill level 1 in Evocations
  7098 | D:7      | Reached skill level 5 in Dodging
  7104 | D:7      | Reached skill level 8 in Spellcasting
  7368 | D:7      | Learned a level 3 spell: Inner Flame
  7382 | D:7      | Reached skill level 5 in Stealth
  8327 | D:8      | Reached XP level 9. HP: 42/42 MP: 12/22
  8567 | D:8      | Found a transporter.
  8593 | D:8      | Slain by a hornet

Illustrated notes

Levels and vault maps discovered:
D:1:      dpeg_arrival_solitude, layout_basic, serial_shops,
          nicolae_square_shop, nicolae_diamond_shop, nicolae_shop_crystal,
          nicolae_shop_crystal, shapermc_ecumenical_altar_petra,
          reono_crystal_passage
D:2:      layout_loops_ring, serial_shops, shop,
          nicolae_shop_competitors_out_of_business
D:3:      layout_rooms, uniq_jessica, uniq_ijyb
D:4:      layout_basic, lemuel_zombie_altar_yredelemnul,
          kennysheep_generic_room_13, uniq_eustachio
D:5:      layout_loops_corners, mainiacjoe_overflow_cross_hatched
D:7:      layout_loops_ring, grunt_dithmenos_smoke_and_mirrors, the_hattery,
          uniq_crazy_yiuf_cottage
D:8:      layout_basic, nzn_ghost_randoct, minmay_misc_feat_tower,
          introduction_to_nature_2

Skill      XL: |  1  2  3  4  5  6  7  8 |
---------------+-------------------------+-----
Conjurations   | 3 4 5 6 |  6.2
Spellcasting   | 3 5 6 7 8 |  8.9
Dodging        | 3 4 5 |  5.8
Short Blades   | 1 2 |  2.0
Stealth        | 4 5 |  5.3
Fighting       | 1 |  1.8
Evocations     | 1 |  1.0
Hexes          | |  0.6
Fire Magic     | |  0.7

Action                   |  1- 3 |  4- 6 |  7- 9 || total
-------------------------+-------+-------+-------++-------
Melee: Short sword       |    27 |     3 |     1 ||    31
 Cast: Magic Dart        |    85 |    61 |    28 ||   174
       Searing Ray       |     5 |    20 |    36 ||    61
       Inner Flame       |       |       |     9 ||     9
Evoke: Wand              |       |     2 |       ||     2
  Use: Scroll            |     3 |     5 |     1 ||     9
       Potion            |       |     1 |       ||     1
Armor: Robe              |     4 |     4 |     4 ||    12
Dodge: Dodged            |    24 |    23 |    50 ||    97

Table legend: (Time is in decaauts)
 A = Elapsed time spent in this place.
 B = Non-inter-level travel time spent in this place.
 C = Inter-level travel time spent in this place.
 D = Time resting spent in this place.
 E = Time spent auto-exploring this place.
 F = Levels seen in this place.
 G = Mean time per level.
                   A        B        C        D        E       F      G
               +--------+--------+--------+--------+--------+-----+--------+
         Total |   6851 |   6710 |    141 |    547 |   5179 |   7 |  978.7 |
       Dungeon |   6851 |   6710 |    141 |    547 |   5179 |   7 |  978.7 |
               +--------+--------+--------+--------+--------+-----+--------+

Top non-repeatable levels by time:
     D:7: 1613 daAuts
     D:4: 1218 daAuts
     D:3: 1138 daAuts
     D:1: 807 daAuts
     D:2: 727 daAuts
     D:8: 696 daAuts
     D:5: 650 daAuts
